 Dungeon Crawl Stone Soup version 0.22.1-2-g9c5b331 (webtiles) character file.

457 empire the Slasher (level 6, -11/52 HPs)
             Began as a Minotaur Fighter on Nov 30, 2018.
             Killed by divine providence
             ... invoked by an orc priest
              (14 damage)
             ... on level 3 of the Dungeon.
             The game lasted 00:05:07 (2410 turns).

empire the Slasher (Minotaur Fighter)               Turns: 2410, Time: 00:05:08

Health: -11/52     AC: 12    Str: 22    XL:     6   Next: 77%
Magic:  5/5        EV:  5    Int:  5    God:
Gold:   132        SH: 10    Dex: 10    Spells: 5/5 levels left

rFire    . . .     SeeInvis .   a - +0 long sword
rCold    . . .     Gourm    .   c - +1 shield
rNeg     . . .     Faith    .   m - +0 plate armour
rPois    .         Spirit   .   (helmet restricted)
rElec    .         Reflect  .   (no cloak)
rCorr    .         Harm     .   (no gloves)
MR       .....     Rnd*Tele +   g - +0 pair of boots
Stlth    ..........             (no amulet)
HPRegen  0.17/turn              e - ring of teleportation (curse)
MPRegen  0.09/turn              (no ring)

@: no status effects
A: retaliatory headbutt, horns 2
a: no special abilities


You were on level 3 of the Dungeon.
You were not hungry.

You visited 1 branch of the dungeon, and saw 3 of its levels.

You collected 132 gold pieces.

Inventory:

Hand Weapons
 a - a +0 long sword (weapon)
Armour
 c - a +1 shield (worn)
 g - a +0 pair of boots (worn)
 m - a +0 plate armour (worn)
Jewellery
 e - a cursed ring of teleportation (left hand)
Wands
 q - a wand of enslavement (3)
Scrolls
 i - a scroll of random uselessness {unknown}
 n - 2 scrolls of teleportation {unknown}
 s - a scroll of identify {unknown}
Potions
 b - a potion of mutation {unknown}
 d - 2 potions of might
 h - a potion of ambrosia {unknown}
 j - a potion of berserk rage {unknown}
 k - 2 potions of degeneration {unknown}
 l - a potion of agility {unknown}
 p - a potion of curing {unknown}
 r - a potion of heal wounds {unknown}
Comestibles
 f - 5 rations
 o - a chunk of flesh


   Skills:
 - Level 4.0 Fighting
 * Level 7.0 Long Blades
 - Level 4.0 Armour
 + Level 3.9 Dodging
 - Level 4.0 Shields


You had 5 spell levels left.
You didn't know any spells.
Your spell library was empty.

Dungeon Overview and Level Annotations

Branches:
Dungeon (3/15)

Altars:
Ashenzari
Xom
Yredelemnul
Zin
Beogh


Innate Abilities, Weirdness & Mutations

You reflexively headbutt those who attack you in melee.
You have a pair of horns on your head.


Message History

Your headbutt misses the orc priest.
The orc priest is almost dead.
The orc priest barely misses you.
Something hits you but does no damage. x2
Some of the chunks of flesh in your inventory have rotted away.
You barely miss the orc priest.
The orc priest is almost dead.
Something hits you but does no damage. x2
The orc priest invokes the aid of Beogh against you.
Beogh smites you!
* * * LOW HITPOINT WARNING * * *
Your plate armour prevents you from hitting the orc priest.
The orc priest is almost dead.
You hear some strange, mumbled words.
A puff of frost appears from out of thin air!
The puff of frost hits you!
* * * LOW HITPOINT WARNING * * *
Something hits you but does no damage.
The orc priest invokes the aid of Beogh against you.
Beogh smites you!
You die...

<.# #.P # ..# # ..## #
...############
########## ####
..............#
#>.......# #...
#.........#.###
#.....##.## #.##
###.#########
#.....##..# #.# ###
##.?.####.....###.####.#
#.8$8.#o@..............#
#_.$..){#...####.####..#
#.8.8)####..# ..... #..#
##$.$# #..#.... ..#..#
#### #..#.... .#..#
#......_ ..## #..#....
#.# #..#.. #.# ##.# ..


You could see an orc priest.

Vanquished Creatures
  A phantom (D:3)
  A necrophage (D:3)
  An ogre (D:2)
  An orc wizard (D:3)
  An orc priest (D:3)
  Ijyb (D:3)
  2 adders (D:2)
  A worm (D:2)
  A dart slug (D:2)
  4 leopard geckos
  5 orcs (D:3)
  10 bats
  5 giant cockroaches
  2 gnoll zombies (D:2)
  9 goblins
  9 hobgoblins
  5 jackals
  A ball python (D:3)
  3 frilled lizards
  9 kobolds
  2 rats (D:3)
74 creatures vanquished.

Notes
Turn   | Place    | Note
-------+----------+-------------------------------------------
     0 | D:1      | empire the Minotaur Fighter began the quest for the Orb.
     0 | D:1      | Reached XP level 1. HP: 19/19 MP: 0/0
    67 | D:1      | Reached XP level 2. HP: 27/27 MP: 1/1
   161 | D:1      | Reached skill level 3 in Long Blades
   433 | D:1      | Reached skill level 1 in Dodging
   731 | D:1      | Reached XP level 3. HP: 33/33 MP: 2/2
   936 | D:2      | Noticed an ogre
   954 | D:2      | Killed an ogre
   954 | D:2      | Reached skill level 4 in Long Blades
   954 | D:2      | Reached XP level 4. HP: 12/40 MP: 3/3
   954 | D:2      | Reached XP level 5. HP: 14/46 MP: 4/4
  1038 | D:2      | Found a glowing silver altar of Zin.
  1099 | D:2      | Reached skill level 5 in Long Blades
  1436 | D:2      | Found a faded altar of an unknown god.
  1481 | D:2      | Found a basalt altar of Yredelemnul.
  1784 | D:3      | Found a shattered altar of Ashenzari.
  1958 | D:3      | Noticed Ijyb
  1981 | D:3      | Killed Ijyb
  2129 | D:3      | Noticed a necrophage
  2136 | D:3      | Killed a necrophage
  2136 | D:3      | Reached skill level 6 in Long Blades
  2136 | D:3      | Reached XP level 6. HP: 51/52 MP: 5/5
  2375 | D:3      | Found a shimmering altar of Xom.
  2390 | D:3      | Found a roughly hewn altar of Beogh.
  2397 | D:3      | Reached skill level 7 in Long Blades
  2410 | D:3      | Killed from afar by an orc priest

Skill      XL: |  1  2  3  4  5  6 |
---------------+-------------------+-----
Long Blades    | 3 4 6 7 |  7.0
Dodging        | 1 2 3 |  3.9
Armour         | 4 |  4.0
Fighting       | 4 |  4.0
Shields        | 4 |  4.0

Action                   |  1- 3 |  4- 6 || total
-------------------------+-------+-------++-------
Melee: Long sword        |    95 |   126 ||   221
       Headbutt          |    15 |    22 ||    37
  Use: Scroll            |       |     1 ||     1
  Eat: Chunk             |       |     5 ||     5
Armor: Scale mail        |    31 |     5 ||    36
       Plate armour      |       |    55 ||    55
Dodge: Dodged            |    38 |    20 ||    58
Block: Shield            |    45 |    67 ||   112
       Rpst.: Long sword |    12 |     2 ||    14
